 Dungeon Crawl Stone Soup version 0.29-a0-323-g050149af67 (webtiles) character file.

Game seed: 12626949528586249516

17 zishaf the Charlatan (level 2, -3/22 HPs)
             Began as a Human Artificer on Apr 11, 2022.
             Slain by a quokka (4 damage)
             ... on level 1 of the Dungeon.
             The game lasted 00:00:46 (964 turns).

zishaf the Charlatan (Human Artificer)               Turns: 964, Time: 00:00:47

Health: -3/22      AC:  3    Str: 12    XL:     2   Next: 80%
Magic:  2/2        EV: 11    Int: 11    God:
Gold:   15         SH:  0    Dex: 13    Spells: 1/1 levels left

rFire   . . .      SeeInvis .   a - +0 club
rCold   . . .      Faith    .   (no shield)
rNeg    . . .      Spirit   .   b - +0 leather armour
rPois   .          Reflect  .   (no helmet)
rElec   .          Harm     .   (no cloak)
rCorr   .          Rampage  .   (no gloves)
Will    .....                   (no boots)
Stlth   +.........              (no amulet)
HPRegen 0.07/turn               (no ring)
MPRegen 0.08/turn               (no ring)

@: no status effects
A: no striking features
a: no special abilities


You were on level 1 of the Dungeon.
You visited 1 branch of the dungeon, and saw 1 of its levels.

You collected 15 gold pieces.

Inventory:

Hand Weapons
 a - a +0 club (weapon)
Armour
 b - a +0 leather armour (worn)
Wands
 c - a wand of flame (15) (quivered)
 d - a wand of charming (15)
 e - a wand of iceblast (9)
Scrolls
 g - a scroll of identify {unknown}
 h - a scroll of teleportation {unknown}
Potions
 f - a potion of curing {unknown}


   Skills:
 + Level 1.9 Fighting
 + Level 2.6 Armour
 - Level 1.0 Dodging
 - Level 1.0 Stealth
 - Level 3.0 Evocations


You had one spell level left.
You didn't know any spells.
Your spell library was empty.

Dungeon Overview and Level Annotations

Branches:
Dungeon (1/15)

Altars:


Message History

The goblin hits you but does no damage.
You closely miss the goblin. The goblin hits you but does no damage.
You hit the goblin.
The goblin is severely wounded.
The goblin closely misses you.
You hit the goblin but do no damage.
The goblin is severely wounded.
The goblin misses you. The goblin hits you with a +0 dagger.
You hit the goblin.
You kill the goblin!
You hit the rat.
You kill the rat!
You hit the goblin but do no damage. The goblin hits you with a +0 club.
The goblin misses you.
You closely miss the goblin. The goblin hits you but does no damage.
You hit the goblin.
The goblin is moderately wounded.
The goblin hits you but does no damage.
You closely miss the goblin.
The goblin is moderately wounded.
The goblin hits you with a +0 club.
You hit the goblin.
The goblin is almost dead.
The goblin hits you with a +0 club.
* * * LOW HITPOINT WARNING * * *
The goblin barely misses you.
You hit the goblin.
You kill the goblin!
The quokka closely misses you.
You closely miss the quokka. The quokka bites you.
* * * LOW HITPOINT WARNING * * *
You closely miss the quokka. The quokka misses you.
The quokka bites you but does no damage.
You barely miss the quokka. The quokka misses you.
The quokka barely misses you.
You barely miss the quokka. The quokka closely misses you.
You miss the quokka. The quokka bites you.
* * * LOW HITPOINT WARNING * * *
The quokka bites you.
You die...

... #.# ...
######### # #.#
##.......# #.##.#
#........# .>..
#.#####..#######.#
#@# #...........
#r# #.####†###.#
#l....#.# #.###.#
#.#?..#.# #.##.#.
#.#)#.#.# #.##..#
..# # #.# #......
... ... ####.##
##. .#. #.# . . .
#.##


You could see a quokka and a frilled lizard.

Vanquished Creatures
  2 ball pythons (D:1)
  3 endoplasms (D:1)
  A giant cockroach (D:1)
  2 goblins (D:1)
  3 hobgoblins (D:1)
  A bat (D:1)
  2 rats (D:1)
14 creatures vanquished.

Notes
Turn   | Place    | Note
-------+----------+-------------------------------------------
     0 | D:1      | zishaf the Human Artificer began the quest for the Orb.
     0 | D:1      | Reached XP level 1. HP: 15/15 MP: 1/1
   339 | D:1      | Reached XP level 2. HP: 10/21 MP: 2/2
   964 | D:1      | HP: 1/22 [quokka (4)]
   964 | D:1      | Slain by a quokka

Illustrated notes

Levels and vault maps discovered:
D:1:      dpeg_arrival_simpleton_a, layout_loops_cross,
          hellmonk_ecumenical_altar_leap_of_faith, grunt_decor_mini_mirrors,
          grunt_decor_cap, hangedman_decor_points, columned_hall_lemuel,
          minmay_crystal_water, chequers_serial_rivers_large_a,
          minmay_stone_trees_small, chequers_serial_rivers_small_b,
          minmay_split_cup_large

Action                   || total
-------------------------++-------
Melee: Club              ||    88
       Punch             ||     1
Armor: Leather armour    ||    29
Dodge: Dodged            ||    62

Table legend: (Time is in decaauts)
 A = Elapsed time spent in this place.
 B = Non-inter-level travel time spent in this place.
 C = Inter-level travel time spent in this place.
 D = Time resting spent in this place.
 E = Time spent auto-exploring this place.
 F = Levels seen in this place.
 G = Mean time per level.
                   A        B        C        D        E       F      G
               +--------+--------+--------+--------+--------+-----+--------+
         Total |    990 |    990 |      0 |      0 |    830 |   1 |  990.0 |
       Dungeon |    990 |    990 |      0 |      0 |    830 |   1 |  990.0 |
               +--------+--------+--------+--------+--------+-----+--------+

Top non-repeatable levels by time:
     D:1: 990 daAuts
